cohdb
Replays
Latest Replays
All Replays
Popular Replays
Top Player Replays
Match Explorer
How It Works
Community
CoH3 Stats
Reddit
Sign in to upload your games and track your stats! →
Sign in with Steam
Match 46998594
Unlisted
Match 46998594
Overview
Messages
Build Orders
End
Engineer Squad
Construct Barracks
Selects Armored Battlegroup
Selects Veteran Crews
1⁄4-ton 4x4 Truck
Riflemen Squad
Riflemen Squad
Mechanized Support Center
Construct Motor Pool
Selects Fast Deploy
M24 Chaffee Light Tank
Riflemen Squad
M1918 Browning Automatic Rifles
Selects Field Repairs
M24 Chaffee Light Tank
Selects M8 Scott SPG
Construct Medical Station
Engineer Squad
M8 Scott SPG
Forward Retreat Point
Construct Weapon Support Center
M1 Anti-tank Gun Team
M3 Armored Personnel Carrier
Selects UNKNOWN (2160077)
Grenade Package
Construct Tank Depot
Selects War Machine
M4A3E8 Sherman Easy Eight
M4A3E8 Sherman Easy Eight
Riflemen Squad
Riflemen Squad
M4A3E8 Sherman Easy Eight
M1 Anti-tank Gun Team
Riflemen Squad
Riflemen Squad
Riflemen Squad
M18 Hellcat Tank Destroyer
Riflemen Squad
1⁄4-ton 4x4 Truck
1⁄4-ton 4x4 Truck
1⁄4-ton 4x4 Truck
DrewP
Truax
Fishin
Alpha Male
0
0
Comments
sign in to comment!
No comments posted yet!